 Dungeon Crawl Stone Soup version 0.30-a0-439-g9e77e4d916 (webtiles) character file.

Game seed: 3544207892152861430

2895 AigisTheKnight the Firebug (level 9, -4/63 HPs)
             Began as a Demonspawn Fire Elementalist on Dec 10, 2022.
             Was an Initiate of Gozag.
             Killed from afar by an orc wizard (11 damage)
             ... with a puff of flame
             ... on level 7 of the Dungeon.
             The game lasted 00:13:37 (6788 turns).

AigisTheKnight the Firebug (DsFE)                   Turns: 6788, Time: 00:13:37

Health: -4/63      AC:  6    Str: 10    XL:     9   Next: 49%
Magic:  17/17      EV: 14    Int: 18    God:    Gozag
Gold:   683        SH:  0    Dex: 15    Spells: 16/19 levels left

rFire   . . .      SeeInvis .    E - +2 short sword (venom)
rCold   . . .      Faith    .    w - orb {*Rage}
rNeg    + . .      Spirit   .    a - +0 robe
rPois   +          Reflect  .    (helmet restricted)
rElec   .          Harm     .    t - +1 cloak {rPois}
rCorr   .          Rampage  .    (no gloves)
Will    .....      Rage     20%  (no boots)
Stlth   +++.......               s - amulet of magic regeneration
HPRegen 1.30/turn                m - ring of positive energy
MPRegen 0.55/turn                (no ring)

@: gold aura
A: horns 2, thin metallic scales 1, powered by death 1, spiny 1
a: Renounce Religion, Potion Petition, Call Merchant, Bribe Branch


You were on level 7 of the Dungeon.
You worshipped Gozag.
Gozag was pleased with you.
You visited 2 branches of the dungeon, and saw 8 of its levels.

You collected 744 gold pieces.
You paid 61 gold pieces to Gozag.

Inventory:

Hand Weapons
 f - a +0 dagger
 r - a +1 vorpal hand axe
 z - a +1 hand axe of freezing
 E - a +2 short sword of venom (weapon)
 K - a +6 dire flail of venom
Missiles
 u - 3 silver javelins
 H - 2 throwing nets
Armour
 a - a +0 robe (worn)
 c - a +0 helmet
 p - a +0 chain mail
 q - a +0 scale mail
 t - a +1 cloak of poison resistance (worn)
 w - an orb of wrath (worn)
 A - a +1 ring mail of poison resistance
Magical Staves
 I - a staff of death
Jewellery
 m - a ring of positive energy (left hand)
 s - an amulet of magic regeneration (around neck)
 N - a ring of resist corrosion
 O - the ring "Aroxt" {rC- Str+3 Int+6 Dex+2}
   (You found it on level 6 of the Dungeon)

   [ring of intelligence]

   Str:       It affects your strength (+3).
   Int:       It affects your intelligence (+6).
   Dex:       It affects your dexterity (+2).
   rC:        It makes you vulnerable to cold.
Scrolls
 d - 3 scrolls of blinking {unknown}
 h - 3 scrolls of teleportation {unknown}
 i - 10 scrolls of identify {unknown}
 j - 2 scrolls of vulnerability {unknown}
 k - a scroll of poison {unknown}
 l - 5 scrolls of noise {unknown}
 y - 3 scrolls of amnesia {unknown}
 C - 2 scrolls of silence {unknown}
 D - a scroll of fear {unknown}
 F - 3 scrolls of enchant armour {unknown}
 G - a scroll of magic mapping {unknown}
Potions
 b - 3 potions of magic
 e - 2 potions of attraction {unknown}
 g - 3 potions of heal wounds {unknown}
 n - a potion of flight {unknown}
 o - 4 potions of lignification {unknown}
 v - 2 potions of might {unknown}
 x - 3 potions of brilliance {unknown}
 B - 3 potions of haste {unknown}
 J - a potion of resistance
 L - 2 potions of cancellation {unknown}
 M - 2 potions of curing {unknown}
 Q - a potion of ambrosia {unknown}


   Skills:
 + Level 3.1 Fighting
 + Level 5.6 Dodging
 - Level 5.0 Stealth
 + Level 5.7 Spellcasting
 + Level 5.9 Conjurations
 + Level 6.0 Fire Magic


You had 16 spell levels left.
You knew the following spells:

 Your Spells              Type           Power      Damage    Failure   Level
a - Foxfire               Conj/Fire      100%       2x1d9     1%          1
b - Scorch                Fire           52%        2d7       1%          2

Your spell library contained the following spells:

 Spells                   Type           Power      Damage    Failure   Level
 Inner Flame              Hex/Fire       15%        N/A       11%         3
 Flame Wave               Conj/Fire      26%        2d8       11%         4
 Ignite Poison            Fire/Tmut/Pois 12%        N/A       16%         3
 Kindle Blastsparks       Fire/Tloc/Air  24%        2d12      16%         3
 Irradiate                Conj/Tmut      7%         3d14      71%         5
 Freezing Cloud           Conj/Ice/Air   6%         6-21      83%         5
 Blade Hands              Tmut           2%         N/A       98%         5
 Dragon Form              Tmut           2%         N/A       100%        7


Dungeon Overview and Level Annotations

Branches:
Dungeon (7/15)             Temple (1/1) D:4

Altars:
Ashenzari
Gozag
Okawaru
Vehumet
Xom
Yredelemnul

Annotations:
D:3 2 runed translucent doors, GiantSquids's ghost, amateur HOBe
D:4 2 transporters


Innate Abilities, Weirdness & Mutations

You have a pair of horns on your head.
You are partially covered in thin metallic scales. (AC +2)
You regenerate a little health from kills.
You are partially covered in sharp spines.


Message History

Found 13 gold pieces.
Found a stone staircase leading down.
An orc priest comes into view. It is wielding a +0 war axe.
The orc priest shouts!
You hear a shout!
The orc priest mumbles some strange prayers to Beogh against you.
Beogh smites you!
You hear a shout!
Unknown command.
Casting: Scorch (safe; 1% risk of failure)
Confirm with . or Enter, or press ? or * to list all spells.
You conjure some foxfire!
The orc priest invokes the aid of Beogh against you.
Beogh smites you!
* * * LOW HITPOINT WARNING * * *
An orc wizard comes into view. It is wielding a +0 dagger.
The foxfire hits the orc priest!
The orc priest is heavily wounded.
The foxfire hits the orc priest.
The orc priest is heavily wounded.
Unknown command.
Casting: Foxfire (safe; 1% risk of failure)
Confirm with . or Enter, or press ? or * to list all spells.
You conjure some foxfire!
The foxfire hits the orc priest!
You kill the orc priest!
Unknown command.
Casting: Foxfire (safe; 1% risk of failure)
Confirm with . or Enter, or press ? or * to list all spells.
You conjure some foxfire!
The foxfire hits the orc wizard.
The orc wizard is moderately wounded.
The orc wizard points at you and mumbles some strange words.
The magic dart hits you!
* * * LOW HITPOINT WARNING * * *
Your foxfire dissipates!
The foxfire hits the orc wizard.
The orc wizard is heavily wounded.
The orc wizard casts a spell at you. The puff of flame hits you!
You die...
Your body crumbles into a pile of gold.

....... #...# #..#
......$## #...#####..#
...g...$####....)))..##
......$<..##....$$$###
...........##...####
............#..##
...............##
................##
#............@...##
..................#
................#..#
................#..#
#..............##..#
##.............# ...
##$...........# ..
....>o............
.....##....$.....##


You could see an orc wizard.

Vanquished Creatures
  Pikel (D:6)
  Sigmund (D:4)
  Eustachio (D:4)
  Edmund (D:5)
  A water moccasin (D:4)
  2 ice beasts
  2 black bears
  A sky beast (D:6)
  A centaur (D:7)
  2 phantoms (D:6)
  3 scorpions
  2 gnoll sergeants
  A necrophage (D:4)
  Crazy Yiuf (D:2)
  4 orc priests
  A gnoll bouda (D:4)
  6 hounds
  2 jellies
  3 orc wizards
  Terence (D:3)
  An iguana (D:5)
  7 adders
  19 gnolls
  A white imp (D:5)
  2 worms
  2 dart slugs
  22 orcs
  9 ball pythons
  6 endoplasms
  3 giant cockroaches (D:1)
  8 hobgoblins
  9 jackals
  8 quokkas
  2 bats (D:3)
  4 frilled lizards
  7 goblins
  5 kobolds
  4 rats
156 creatures vanquished.

Vanquished Creatures (others)
  362 foxfires
362 creatures vanquished.

Grand Total: 518 creatures vanquished

Notes
Turn   | Place    | Note
-------+----------+-------------------------------------------
     0 | D:1      | AigisTheKnight the Demonspawn Fire Elementalist began the
                  | quest for the Orb.
     0 | D:1      | Reached XP level 1. HP: 13/13 MP: 3/3
   352 | D:1      | Gained mutation: You regenerate a little health from kills.
                  | [demonic ancestry]
   352 | D:1      | Reached XP level 2. HP: 19/19 MP: 1/5
  1267 | D:1      | Found a faded altar of an unknown god.
  1653 | D:2      | Reached skill level 3 in Fire Magic
  1653 | D:2      | Reached XP level 3. HP: 24/24 MP: 3/6
  1729 | D:2      | Learned a level 2 spell: Scorch
  2162 | D:2      | Gained mutation: You have a pair of small horns on your
                  | head. [demonic ancestry]
  2162 | D:2      | Reached XP level 4. HP: 30/30 MP: 7/7
  2238 | D:2      | Found a runed translucent door.
  2239 | D:2      | Noticed Crazy Yiuf
  2441 | D:2      | Killed Crazy Yiuf
  2888 | D:3      | Found a large runed translucent door.
  2888 | D:3      | Found a large runed translucent door.
  2890 | D:3      | Noticed GiantSquids's ghost (amateur HOBe)
  3307 | D:3      | Noticed Terence
  3310 | D:3      | Killed Terence
  3311 | D:3      | Reached XP level 5. HP: 28/35 MP: 3/9
  3526 | D:4      | Noticed Sigmund
  3609 | D:4      | Found a staircase to the Ecumenical Temple.
  3622 | D:4      | Gained mutation: You are partially covered in sharp spines.
                  | [demonic ancestry]
  3622 | D:4      | Reached XP level 6. HP: 41/41 MP: 4/10
  3672 | Temple   | Entered the Ecumenical Temple
  3686 | Temple   | Became a worshipper of Gozag Ym Sagoz the Greedy
  3717 | D:4      | Noticed Eustachio
  3759 | D:4      | Found a transporter.
  3759 | D:4      | Found a transporter.
  3762 | D:4      | Noticed a water moccasin
  3781 | D:4      | Killed a water moccasin
  3782 | D:4      | Reached skill level 4 in Fire Magic
  3782 | D:4      | Reached XP level 7. HP: 46/46 MP: 7/12
  3910 | D:4      | Killed Eustachio
  3950 | D:4      | Killed Sigmund
  4344 | D:5      | Entered Level 5 of the Dungeon
  4651 | D:5      | Gained mutation: You are partially covered in thin metallic
                  | scales. (AC +2) [demonic ancestry]
  4651 | D:5      | Reached XP level 8. HP: 52/52 MP: 10/14
  4708 | D:5      | Noticed Edmund
  4718 | D:5      | Killed Edmund
  4865 | D:5      | Reached skill level 5 in Fire Magic
  5011 | D:5      | Reached skill level 5 in Stealth
  5753 | D:6      | Reached skill level 5 in Conjurations
  5835 | D:6      | Reached skill level 1 in Fighting
  5835 | D:6      | Reached skill level 5 in Spellcasting
  5848 | D:6      | Reached skill level 5 in Dodging
  5912 | D:6      | Identified the ring "Aroxt" {rC- Str+3 Int+6 Dex+2}
  6073 | D:6      | Gained mutation: You have a pair of horns on your head.
                  | [demonic ancestry]
  6073 | D:6      | Reached XP level 9. HP: 61/61 MP: 12/16
  6310 | D:6      | Noticed Pikel
  6332 | D:6      | Killed Pikel
  6753 | D:7      | Reached skill level 6 in Fire Magic
  6785 | D:7      | HP: 3/63 [orc wizard/magic dart (7)]
  6788 | D:7      | Killed from afar by an orc wizard

Illustrated notes

Levels and vault maps discovered:
D:1:      matt_arrival_los_fun, layout_basic,
          shapermc_ecumenical_altar_notcrosses
D:2:      layout_rooms, uniq_crazy_yiuf_cottage
D:3:      layout_basic, ebering_ghost_disaster_area, minmay_misc_feat_doors,
          uniq_terence
D:4:      gammafunk_steamed_eel, layout_loops_ring, minmay_temple_entry_ruins,
          uniq_eustachio, uniq_sigmund
D:5:      minmay_inner_zag, layout_basic, uniq_edmund
D:6:      layout_loops_ring, minmay_misc_feat_x, minmay_between, uniq_pikel
D:7:      layout_layer_cave, enter_bailey_4, minmay_misc_feat_more_columns,
          minivault_24
Temple:   nicolae_temple_god_jail

Skill      XL: |  1  2  3  4  5  6  7  8  9 |
---------------+----------------------------+-----
Stealth        | 2 3 4 5 |  5.0
Dodging        | 2 3 4 5 |  5.6
Fire Magic     | 3 4 5 6 |  6.0
Conjurations   | 2 3 4 5 |  5.9
Spellcasting   | 3 4 5 |  5.7
Fighting       | 1 3 |  3.1

Action                   |  1- 3 |  4- 6 |  7- 9 || total
-------------------------+-------+-------+-------++-------
Melee: Unarmed           |     3 |       |       ||     3
       Dagger            |    46 |       |       ||    46
       Hand axe          |     6 |    25 |       ||    31
       Headbutt          |       |     3 |    10 ||    13
       Short sword       |       |       |    40 ||    40
 Cast: Foxfire           |    93 |    46 |   109 ||   248
       Scorch            |       |    23 |    75 ||    98
Evoke: Wand              |       |       |     6 ||     6
 Stab: Sleeping          |       |     2 |       ||     2
       Distracted        |       |     1 |       ||     1
Armor: Robe              |    23 |     6 |    19 ||    48
Dodge: Dodged            |    47 |    35 |    72 ||   154

Table legend: (Time is in decaauts)
 A = Elapsed time spent in this place.
 B = Non-inter-level travel time spent in this place.
 C = Inter-level travel time spent in this place.
 D = Time resting spent in this place.
 E = Time spent auto-exploring this place.
 F = Levels seen in this place.
 G = Mean time per level.
                   A        B        C        D        E       F      G
               +--------+--------+--------+--------+--------+-----+--------+
         Total |   6848 |   6473 |    375 |    275 |   4840 |   8 |  856.0 |
       Dungeon |   6821 |   6446 |    375 |    275 |   4837 |   7 |  974.4 |
        Temple |     26 |     26 |      0 |      0 |      3 |   1 |   26.0 |
               +--------+--------+--------+--------+--------+-----+--------+

Top non-repeatable levels by time:
     D:1: 1648 daAuts
     D:5: 1257 daAuts
     D:3: 1070 daAuts
     D:6: 933 daAuts
     D:4: 894 daAuts
     D:2: 852 daAuts
     D:7: 164 daAuts
  Temple: 26 daAuts
